 Dungeon Crawl Stone Soup version 0.28-a0-1199-gef9e1dbd39 (webtiles) character file.

Game seed: 17923995970662438412

13 ytrimaz the Insei (level 2, -7/18 HPs)
             Began as an Octopode Transmuter on Dec 19, 2021.
             Engulfed by a cloud of steam (8 damage)
             ... on level 1 of the Dungeon.
             The game lasted 00:00:57 (753 turns).

ytrimaz the Insei (Octopode Transmuter)              Turns: 753, Time: 00:00:58

Health: -7/18      AC:  1    Str:  9    XL:     2   Next: 37%
Magic:  5/5        EV: 13    Int: 15    God:
Gold:   3          SH:  0    Dex: 12    Spells: 4/5 levels left

rFire   . . .      SeeInvis .     - Unarmed
rCold   . . .      Faith    .   (no shield)
rNeg    . . .      Spirit   .   (helmet restricted)
rPois   .          Reflect  .   (no amulet)
rElec   .          Harm     .   (no ring)
rCorr   .          Rampage  .   (no ring)
Will    .....                   (no ring)
Stlth   +++.......              (no ring)
HPRegen 0.06/turn               (no ring)
MPRegen 0.09/turn               (no ring)
                                (no ring)
                                (no ring)

@: no status effects
A: almost no armour, amphibious, 8 rings, camouflage 1, gelatinous body 1,
nimble swimmer 1, tentacles
a: no special abilities


You were on level 1 of the Dungeon.
You visited 1 branch of the dungeon, and saw 1 of its levels.

You collected 3 gold pieces.

Inventory:

Scrolls
 b - a scroll of fog {unknown}
 c - a scroll of identify {unknown}
Potions
 a - a potion of attraction {unknown}


   Skills:
 * Level 1.3 Fighting
 - Level 2.0 Dodging
 + Level 3.2 Unarmed Combat
 * Level 2.2 Spellcasting
 * Level 2.1 Transmutations


You had 4 spell levels left.
You knew the following spells:

 Your Spells              Type           Power      Damage    Failure   Level
a - Beastly Appendage     Tmut           16%        N/A       9%          1

Your spell library contained the following spells:

 Spells                   Type           Power      Damage    Failure   Level
 Wereblood                Tmut           8%         N/A       14%         2
 Spider Form              Tmut/Pois      4%         N/A       38%         3
 Ice Form                 Ice/Tmut       4%         N/A       80%         4


Dungeon Overview and Level Annotations

Branches:
Dungeon (1/15)

Altars:


Innate Abilities, Weirdness & Mutations

You cannot wear most types of armour.
You are amphibious.
You can wear up to eight rings at the same time.
Your skin changes colour to match your surroundings (Stealth+).
Your rubbery body absorbs attacks. (AC +1, EV +1)
You are camouflaged near water. (Stealth+)
You have tentacles for arms and can constrict up to eight enemies at once.


Message History

The slug dart hits you.
You tentacle-slap the dart slug. You squeeze the dart slug.
The dart slug is heavily wounded.
You constrict the dart slug. You tentacle-slap the dart slug.
You kill the dart slug!
You see here a dart slug corpse.
Your transformation is almost over.
Your tentacle spike disappears.
A goblin comes into view. It is wielding a +0 club.
A goblin is nearby!
A goblin is nearby!
You miscast Beastly Appendage.
You are very lightly contaminated with residual magic.
Nothing appears to happen.
You barely miss the goblin. Your grab misses the goblin.
You squeeze the goblin, but do no damage.
The goblin hits you with a +0 club.
You barely miss the goblin. You grab the goblin.
You constrict the goblin, but do no damage.
The goblin hits you but does no damage.
You tentacle-slap the goblin. You squeeze the goblin.
You kill the goblin!
Your magical contamination has completely faded away.
You see here a +0 club.
You see here a +0 club.
You are engulfed in a cloud of scalding steam.
Ouch! That really hurt!
Why would you want to do that?
You're standing in a cloud of steam!
You're standing in a cloud of steam!
Unknown command.
Unknown command.
You are engulfed in a cloud of scalding steam.
Unknown command.
You are engulfed in a cloud of scalding steam.
* * * LOW HITPOINT WARNING * * *
Unknown command.
You are engulfed in a cloud of scalding steam.
You die...

#### ....
####.########### .#
...........# .#
######.)#### .######
##..# ## ......#
#...######§#
#####.###..≈##≈≈#§§##
#.....≈≈#≈##@§§§#
#.##..≈≈≈≈###§§§#
#.###.≈≈#####§### #.#
#..≈# #§§# #.# #...#
#≈≈# #.# ##..# ####
#.# #..# #.# ####


There were no monsters in sight!

Vanquished Creatures
  2 dart slugs (D:1)
  2 giant cockroaches (D:1)
  A goblin (D:1)
  A hobgoblin (D:1)
  A bat (D:1)
  A frilled lizard (D:1)
  A rat (D:1)
9 creatures vanquished.

Notes
Turn   | Place    | Note
-------+----------+-------------------------------------------
     0 | D:1      | ytrimaz the Octopode Transmuter began the quest for the
                  | Orb.
     0 | D:1      | Reached XP level 1. HP: 13/13 MP: 3/3
   421 | D:1      | Reached XP level 2. HP: 16/18 MP: 3/5
   753 | D:1      | Engulfed by a cloud of steam

Illustrated notes

Levels and vault maps discovered:
D:1:      minmay_arrival_stone_box, layout_basic, lemuel_another_geyser

Action                   || total
-------------------------++-------
Melee: Unarmed           ||    24
       Constrict         ||     8
       Tentacles         ||     6
       Kick              ||     3
       Punch             ||     1
 Cast: Beastly Appendage ||     7
Armor: Skin              ||     1
Dodge: Dodged            ||    12

Table legend: (Time is in decaauts)
 A = Elapsed time spent in this place.
 B = Non-inter-level travel time spent in this place.
 C = Inter-level travel time spent in this place.
 D = Time resting spent in this place.
 E = Time spent auto-exploring this place.
 F = Levels seen in this place.
 G = Mean time per level.
                   A        B        C        D        E       F      G
               +--------+--------+--------+--------+--------+-----+--------+
         Total |    751 |    748 |      3 |      0 |    670 |   1 |  751.0 |
       Dungeon |    751 |    748 |      3 |      0 |    670 |   1 |  751.0 |
               +--------+--------+--------+--------+--------+-----+--------+

Top non-repeatable levels by time:
     D:1: 751 daAuts
